 Dungeon Crawl Stone Soup version 0.17-a0-1805-g6093636 (webtiles) character file.

3780 ithil the Poker (level 9, -15/69 HPs)
             Began as a Demonspawn Gladiator on Sept 12, 2015.
             Was a Believer of Qazlal.
             Killed by the air
             ... invoked by Gastronok
              (27 damage)
             ... on level 8 of the Dungeon.
             The game lasted 00:55:32 (8194 turns).

ithil the Poker (Demonspawn Gladiator)              Turns: 8194, Time: 00:55:32

Health: -15/69     AC: 20    Str: 18 (19) XL:     9   Next: 95%
Magic:  0/9        EV: 12    Int:  9      God:    Qazlal [**....]
Gold:   113        SH: 13    Dex: 18      Spells: 1 memorised, 3 levels left

rFire  . . .     SeeInvis .     d - +6 flail (protect)
rCold  + . .     Clarity  .     z - +3 ring mail {rF+}
rNeg   . . .     SustAt   .     P - +1 shield of an ice cave {+Inv rCorr Dex+4}
rPois  .         Gourm    .     A - +2 helmet
rElec  .         Spirit   +     j - +0 cloak
rCorr  +         Warding  .     (no gloves)
rMut   .         Stasis   .     (boots unavailable)
MR     .....                    (no amulet)
Stlth  +.........               n - ring of ice
                                N - ring of flight

@: not resistant to hostile enchantments, very unstealthy
A: talons 3, yellow scales 1, deterioration 1, spiny 2, magic shield
a: Upheaval, Renounce Religion, Evoke Invisibility, Evoke Flight


You were on level 8 of the Dungeon.
You worshipped Qazlal.
Qazlal was pleased with you.
You were not hungry.

You visited 2 branches of the dungeon, and saw 9 of its levels.

You collected 433 gold pieces.
You spent 320 gold pieces at shops.

Inventory:

Hand weapons
 a - a +0 trident
 c - a +2 shortbow of flaming
 d - a +6 flail of protection (weapon)
 m - a +0 long sword
 o - a +0 halberd
 q - a cursed -2 spear
 s - a +1 dagger of freezing
 t - a +2 falchion
 v - the +7 greatsling "Punk" {freeze, rC+}
   (You found it on level 7 of the Dungeon)

   It causes projectiles fired from it to freeze those they strike, causing
   extra injury to most foes and up to half again as much damage against
   particularly susceptible opponents.
   They can also slow down cold-blooded creatures.
   It protects you from cold.
Missiles
 g - 47 arrows
 u - 4 javelins (quivered)
Armour
 i - a +1 ring mail of fire resistance
 j - a +0 cloak (worn)
 l - a +2 ring mail of fire resistance
 z - a +3 ring mail of fire resistance (worn)
 A - a +2 helmet (worn)
 B - a cursed +0 pair of boots
 P - the +1 shield of an ice cave (worn) {+Inv rCorr Dex+4}
   (You found it on level 5 of the Dungeon)

   It affects your dexterity (+4).
   It lets you turn invisible.
   It protects you from acid and corrosion.
Jewellery
 n - a ring of ice (right hand)
 N - a ring of flight (left hand)
Magical devices
 p - a wand of draining (10)
 y - a wand of flame (19)
 L - a wand of lightning (4)
Scrolls
 h - a scroll of remove curse
 D - 3 scrolls of immolation
 E - a scroll of magic mapping {unknown}
Potions
 f - a potion of brilliance
 M - 4 potions of curing
Books
 w - a book of the Earth

   Spells                             Type                      Level
   a - Leda's Liquefaction            Hexes/Earth                  4
   b - Bolt of Magma                  Conjuration/Fire/Earth       5
   c - Statue Form                    Transmutation/Earth          6
   d - Iron Shot                      Conjuration/Earth            6
   e - Shatter                        Earth                        9
 C - a book of Power

   Spells                             Type                      Level
   a - Fulminant Prism                Conjuration/Hexes            4
   b - Iskenderun's Mystic Blast      Conjuration                  4
   c - Venom Bolt                     Conjuration/Poison           5
   d - Bolt of Magma                  Conjuration/Fire/Earth       5
   e - Iron Shot                      Conjuration/Earth            6
   f - Orb of Destruction             Conjuration                  7
   g - Spellforged Servitor           Conjuration/Summoning        7
Comestibles
 b - 7 beef jerkies
 e - 7 bread rations
 k - 3 meat rations
 r - 7 fruits
 F - 15 chunks of flesh


   Skills:
 + Level 5.7 Fighting
 * Level 2.0 Maces & Flails
 - Level 7.2 Polearms
 + Level 2.9 Throwing
 + Level 6.2 Armour
 - Level 5.3 Dodging
 + Level 2.0 Stealth
 + Level 4.6 Shields
 + Level 0.3 Spellcasting


You had 3 spell levels left.
You knew the following spells:

 Your Spells              Type           Power        Failure   Level  Hunger
a - Bolt of Magma         Conj/Fire/Erth #.........   100%        5    ######.


Dungeon Overview and Level Annotations

Branches:
Dungeon (8/15)             Temple (1/1) D:6
   Lair: D:8-11

Altars:
Ashenzari
Cheibriados
Dithmenos
Elyvilon
Fedhas
Gozag
Kikubaaqudgha
Makhleb
Nemelex Xobeh
Qazlal
Ru
Sif Muna
Trog
Vehumet
Xom
Yredelemnul
Zin
The Shining One

Shops:
D:7 [*

Annotations:
D:8 Gastronok


Innate Abilities, Weirdness & Mutations

You have claws for feet.
You are partially covered in yellow scales (AC +2).
You are mostly covered in sharp spines.
When hurt, damage is shared between your health and your magic reserves.
Your body sometimes deteriorates upon taking damage.


Message History

A quasit comes into view.
You block the quokka's attack.
Gastronok waves his eye-stalks in wide circles.
The air twists around and strikes you!
* * * LOW HITPOINT WARNING * * *
Gastronok's eyestalks quiver as he mumbles some strange words.
Gastronok seems to move somewhat quicker.
You block the quokka's attack.
Your shield and ring mail prevent you from hitting the quokka.
Your kick misses the quokka. The quokka barely misses you.
Your shield and ring mail prevent you from hitting the quokka.
The quokka barely misses you.
The quokka bites you but does no damage.
Read which item? (? for menu, Esc to quit)
Okay, then.
Use which ability?
You fail to use your ability.
The quokka barely misses you.
Gastronok waves his eye-stalks in wide circles.
The air twists around and strikes you!
You die...

.....##.######
..[..........#
..##.#######.#
.........#.######.
..#
#......#...).... .
#......####
#######.##...#
#.......###.##
#...ยง.@.....#
#..<..r.#####
#.......#
#.......#
###...w...###
#............#
#..............
#..............
#..............


You could see Gastronok and a quokka.

Vanquished Creatures
  Joseph (D:7)
  The ghost of DEFE the Skirmisher, an average DgFi (D:5)
  Grinder (D:6)
  A hippogriff (D:7)
  A wyvern (D:8)
  Eustachio (D:6)
  Edmund (D:6)
  2 sky beasts
  2 orc warriors (D:7)
  2 ice beasts
  A phantom (D:5)
  3 ogres
  3 centaurs
  3 giant frogs
  A scorpion (D:5)
  5 wights (D:7)
  A giant frog zombie (D:5)
  4 orc priests
  3 crimson imps
  A centaur skeleton (D:8)
  5 orc wizards
  2 hounds
  A jelly (D:5)
  An iguana (D:7)
  Natasha (thrice) (D:4)
  2 worker ants (D:5)
  2 hound zombies (D:7)
  A hound skeleton (D:6)
  3 gnolls (D:4)
  12 adders
  A shadow imp (D:5)
  An ooze (D:1)
  An adder skeleton (D:4)
  4 worms
  8 giant geckos
  33 orcs
  2 ball pythons
  A giant cockroach (D:2)
  14 goblins
  10 hobgoblins
  4 jackals
  3 quokkas
  A ball python zombie (D:5)
  8 bats
  A giant gecko skeleton (D:4)
  3 giant newts
  7 kobolds
  12 rats
184 creatures vanquished.

Vanquished Creatures (others)
  An ogre (D:6)
1 creature vanquished.

Grand Total: 185 creatures vanquished

Notes
Turn   | Place    | Note
--------------------------------------------------------------
     0 | D:1      | ithil the Demonspawn Gladiator began the quest for the Orb.
     0 | D:1      | Reached XP level 1. HP: 16/16 MP: 1/1
   316 | D:1      | Reached skill level 3 in Dodging
   343 | D:1      | Gained mutation: You have sharp toenails. [demonic ancestry]
   343 | D:1      | Reached XP level 2. HP: 5/22 MP: 2/2
  1178 | D:2      | Gained mutation: You are partially covered in yellow scales (AC +2). [demonic ancestry]
  1178 | D:2      | Reached XP level 3. HP: 19/27 MP: 3/3
  1309 | D:2      | Reached skill level 1 in Armour
  1485 | D:2      | Reached XP level 4. HP: 31/33 MP: 4/4
  2593 | D:3      | Found a basalt altar of Yredelemnul.
  2978 | D:4      | Gained mutation: When hurt, damage is shared between your health and your magic reserves. [demonic ancestry]
  2978 | D:4      | Reached XP level 5. HP: 25/38 MP: 5/5
  3095 | D:4      | Reached skill level 4 in Dodging
  3095 | D:4      | Reached skill level 1 in Stealth
  3347 | D:4      | Noticed Natasha
  3359 | D:4      | Killed Natasha
  3359 | D:4      | Gained mutation: You have razor-sharp toenails. [demonic ancestry]
  3359 | D:4      | Reached XP level 6. HP: 42/46 MP: 6/6
  3372 | D:4      | Found a blossoming altar of Fedhas.
  3516 | D:4      | Noticed Natasha
  3516 | D:4      | Noticed a centaur
  3529 | D:4      | Killed a centaur
  3534 | D:4      | Killed Natasha
  3700 | D:4      | Noticed Natasha
  3709 | D:4      | Killed Natasha
  3743 | D:4      | Found a stormy altar of Qazlal.
  3743 | D:4      | Found a white marble altar of Elyvilon.
  3744 | D:4      | Found a radiant altar of Vehumet.
  3814 | D:4      | HP: 2/46 [gnoll/halberd (10)]
  4521 | D:4      | Became a worshipper of Qazlal Stormbringer
  4587 | D:5      | Entered Level 5 of the Dungeon
  4666 | D:5      | Noticed DEFE's ghost (average DgFi)
  4712 | D:5      | Killed DEFE's ghost
  4712 | D:5      | Reached skill level 5 in Dodging
  4712 | D:5      | Gained mutation: You are partially covered in sharp spines. [demonic ancestry]
  4712 | D:5      | Reached XP level 7. HP: 16/52 MP: 3/7
  5110 | D:5      | Found an opulent altar of Gozag.
  5350 | D:5      | Gained mutation: You have claws for feet. [demonic ancestry]
  5350 | D:5      | Reached XP level 8. HP: 46/60 MP: 8/8
  5370 | D:5      | Got a bloodstained shield
  5391 | D:5      | Identified the +1 shield of an ice cave {+Inv rCorr Dex+4} (You found it on level 5 of the Dungeon)
  5420 | D:5      | Acquired Qazlal's first power
  5485 | D:5      | Found a deep blue altar of Sif Muna.
  5532 | D:6      | Learned a level 5 spell: Bolt of Magma
  5532 | D:6      | Found a sacrificial altar of Ru.
  5537 | D:6      | Noticed Eustachio
  5594 | D:6      | Killed Eustachio
  5594 | D:6      | Reached skill level 5 in Polearms
  5842 | D:6      | Noticed Grinder
  5864 | D:6      | Killed Grinder
  5864 | D:6      | Reached skill level 1 in Shields
  6055 | D:6      | Noticed Edmund
  6077 | D:6      | Killed Edmund
  6077 | D:6      | Reached skill level 6 in Polearms
  6517 | D:6      | Found a staircase to the Ecumenical Temple.
  6908 | Temple   | Entered the Ecumenical Temple
  7067 | D:7      | Found a flagged portal.
  7095 | D:7      | Gained mutation: You are mostly covered in sharp spines. [demonic ancestry]
  7095 | D:7      | Reached XP level 9. HP: 58/67 MP: 7/9
  7129 | D:7      | Found Illaic's Antique Armour Emporium.
  7145 | D:7      | Bought a glowing ring mail for 120 gold pieces
  7145 | D:7      | Bought a helmet for 135 gold pieces
  7163 | D:7      | Reached skill level 5 in Armour
  7233 | D:7      | Reached skill level 5 in Fighting
  7367 | D:7      | Noticed Joseph
  7369 | D:7      | Gained mutation: Your body sometimes deteriorates upon taking damage. [potion of mutation]
  7369 | D:7      | Gained mutation: Your magical capacity is low (-10% MP). [potion of mutation]
  7369 | D:7      | Lost mutation: Your magical capacity is low (-10% MP). [potion of mutation]
  7379 | D:7      | Killed Joseph
  7440 | D:7      | Reached skill level 1 in Maces & Flails
  7524 | D:7      | Reached skill level 7 in Polearms
  7526 | D:7      | Found Fesaep's General Store.
  7540 | D:7      | Bought a potion of curing for 39 gold pieces
  7540 | D:7      | Bought a scroll of identify for 26 gold pieces
  7754 | D:7      | Acquired Qazlal's second power
  8033 | D:8      | Found a shadowy altar of Dithmenos.
  8047 | D:8      | Found a shattered altar of Ashenzari.
  8172 | D:8      | Noticed Gastronok
  8194 | D:8      | Killed from afar by Gastronok

Vault maps used:
D:1:      lightli_arrival_farm
D:3:      nicolae_overflow_hidden_temple
D:4:      gammafunk_temple_overflow_claw, lemuel_coloured_pillars_altar,
          uniq_natasha
D:5:      lemuel_blue_sif_altar, nicolae_gozag_seed_capital, first_bread
D:6:      nicolae_ru_sacrificial_ziggurat,
          minmay_temple_entry_statues_fountains, nicolae_sextant, uniq_edmund,
          uniq_grinder, uniq_eustachio
D:7:      serial_shops, shop, shop, enter_bailey_3, grunt_ogre_cave, uniq_joseph
D:8:      kennysheep_little_box, grunt_temple_overflow_open, uniq_gastronok
Temple:   nicolae_temple_figure_zero

Action                   |  1- 3 |  4- 6 |  7- 9 || total
-------------------------+-------+-------+-------++-------
Melee: Trident           |   130 |   344 |   234 ||   708
       Flail             |       |       |   107 ||   107
Throw: Throwing net      |     5 |    12 |     5 ||    22
       Javelin           |       |       |     6 ||     6
  Use: Potion            |     1 |     9 |     7 ||    17
       Scroll            |       |     5 |    19 ||    24
 Stab: Held in net/web   |     3 |       |     1 ||     4
  Eat: Fruit             |     1 |     1 |       ||     2
       Chunk             |     1 |     9 |     5 ||    15
       Beef jerky        |       |     1 |       ||     1
       Bread ration      |       |       |     2 ||     2
       Pizza             |       |       |     1 ||     1
